 Dungeon Crawl Stone Soup version 0.30-b1-2-g02819fbbbe (webtiles) character file.

Game seed: 8097625358843511498

70 MisterFreud the Cruncher (level 4, -4/34 HPs)
             Began as a Gnoll Wanderer on Sept 21, 2023.
             Slain by a hound (5 damage)
             ... on level 4 of the Dungeon.
             The game lasted 00:01:42 (981 turns).

MisterFreud the Cruncher (Gnoll Wanderer)            Turns: 981, Time: 00:01:43

Health: -4/34      AC:  4    Str:  8      XL:     4   Next: 21%
Magic:  8/8        EV: 13    Int: 12      God:
Gold:   98         SH:  0    Dex: 17 (18) Spells: 9/9 levels left

rFire   + . .        a - +3 quarterstaff
rCold   + . .        (shield currently unavailable)
rNeg    . . .        d - +0 robe
rPois   +            b - +0 helmet
rElec   +            i - +0 cloak
rCorr   +            (no gloves)
SInv    .            (no boots)
Will    .....        (no amulet)
Stlth   ++           (no ring)
HPRegen 0.25/turn    (no ring)
MPRegen 0.11/turn

%: no passive effects
@: resistant, weak-willed
A: fangs 1, strong nose, distributed training, agile 1
a: no special abilities


You were on level 4 of the Dungeon.
You visited 1 branch of the dungeon, and saw 3 of its levels.

You collected 98 gold pieces.

Inventory:

Hand Weapons
 a - a +3 quarterstaff (weapon)
Armour
 b - a +0 helmet (worn)
 d - a +0 robe (worn)
 i - a +0 cloak (worn)
Scrolls
 c - a scroll of teleportation
 e - 2 scrolls of vulnerability


   Skills:
 + Level 2.7 Fighting
 + Level 1.1 Short Blades
 + Level 1.1 Long Blades
 + Level 1.1 Axes
 + Level 1.1 Maces & Flails
 + Level 1.1 Polearms
 + Level 8.5 Staves
 + Level 1.1 Ranged Weapons
 + Level 1.1 Throwing
 + Level 1.1 Armour
 + Level 2.7 Dodging
 + Level 2.5 Stealth
 + Level 1.1 Shields
 + Level 1.1 Unarmed Combat
 + Level 3.0 Spellcasting
 + Level 0.8 Conjurations
 + Level 0.8 Hexes
 + Level 0.8 Summonings
 + Level 0.8 Necromancy
 + Level 0.8 Translocations
 + Level 0.8 Transmutations
 + Level 0.8 Fire Magic
 + Level 3.8 Ice Magic
 + Level 0.8 Air Magic
 + Level 0.8 Earth Magic
 + Level 0.8 Poison Magic
 + Level 1.2 Invocations
 + Level 1.1 Evocations


You had 9 spell levels left.
You didn't know any spells.
Your spell library contained the following spells:

 Spells                   Type           Power      Damage    Failure   Level
 Freeze                   Ice            44%        1d6       4%          1
 Ozocubu's Armour         Ice            11%        N/A       16%         3
 Hailstorm                Conj/Ice       7%         3d4       28%         3
 Ozocubu's Refrigeration  Ice            5%         4d8       100%        7


Dungeon Overview and Level Annotations

Branches:
Dungeon (4/15)
 Temple: D:4-7

Altars:
Dithmenos

Annotations:
D:4 Eustachio


Innate Abilities, Weirdness & Mutations

You have very sharp teeth.
Your uncanny sense of smell can sniff out nearby items.
Your experience applies equally to all skills.
You are agile. (Dex +4, Str/Int -1)


Message History

* * * LOW HITPOINT WARNING * * *
The bat barely misses you.
The quasit bites you but does no damage.
The quasit claws you but does no damage.
The quasit misses you. The bat closely misses you.
The bat hits you but does no damage.
As you read the scroll labelled FAJAOD BIORPHE, it crumbles to dust.
Magic quickly surges around you.
It was a scroll of vulnerability.
The bat hits you but does no damage. The bat closely misses you.
The bat hits you but does no damage. The quasit barely misses you.
The quasit claws you but does no damage. x2
You thump the bat!
You kill the bat!
The bat's corpse disappears in a puff of smoke!
The bat hits you but does no damage. x2
The quasit bites you but does no damage.
The quasit claws you but does no damage.
The quasit barely misses you. The hound misses you.
The hound closely misses you. The bat hits you but does no damage.
The hound bites you.
* * * LOW HITPOINT WARNING * * *
Unknown command.
It was a potion of resistance.
You feel protected. The bat hits you but does no damage. The hound bites you.
* * * LOW HITPOINT WARNING * * *
The bat closely misses you.
It was a potion of mutation.
You feel extremely strange.
You feel agile. The bat closely misses you.
The hound bites you but does no damage. The bat barely misses you.
The crimson imp blinks!
The hound closely misses you.
You open the door. The bat hits you but does no damage.
The quasit barely misses you. The quasit claws you.
* * * LOW HITPOINT WARNING * * *
You feel clumsy. The quasit claws you.
* * * LOW HITPOINT WARNING * * *
The hound bites you.
You die...

..# ..# _. 5.#
.. #.##.#
#..#.# #.
#.g#.# #..
#5@#.# # #..
#rh#b#..# #..
##b5@....# #.#
#..#.....#
##### #.#
#.########
.....####.###.#
####...##...?.#
.....)..†..####
.#####.###.#
#.......#.#
....###....#


You could see Eustachio (weak-willed), a hound (weak-willed), a quasit
(summoned, weak-willed), a crimson imp (summoned, weak-willed), a white imp
(summoned, weak-willed), a quokka (summoned, weak-willed), a hobgoblin
(weak-willed) and 2 bats.

Vanquished Creatures
  An iguana (D:4)
  A gnoll (D:1)
  An adder (D:2)
  2 dart slugs (D:1)
  A giant cockroach (D:2)
  A goblin (D:1)
  4 hobgoblins (D:1)
  4 ball pythons (D:1)
  A frilled lizard (D:1)
  4 kobolds
  4 rats (D:1)
24 creatures vanquished.

Notes
Turn   | Place    | Note
-------+----------+-------------------------------------------
     0 | D:1      | MisterFreud the Gnoll Wanderer began the quest for the Orb.
     0 | D:1      | MisterFreud set off with the following items: a +2
                  | quarterstaff, a +0 helmet, a scroll of teleportation, a +0
                  | robe; and the following spell memorised: Freeze; and the
                  | following spells available to memorise: Hailstorm.
     0 | D:1      | Reached XP level 1. HP: 17/17 MP: 4/4
   155 | D:1      | Reached XP level 2. HP: 23/23 MP: 5/5
   339 | D:1      | Found a faded altar of an unknown god.
   551 | D:1      | Reached XP level 3. HP: 17/28 MP: 7/7
   906 | D:2      | Reached skill level 1 in Invocations
   944 | D:2      | You fall into a shaft and drop 2 floors!
   953 | D:4      | Reached skill level 1 in Short Blades
   953 | D:4      | Reached skill level 1 in Long Blades
   953 | D:4      | Reached skill level 1 in Axes
   953 | D:4      | Reached skill level 1 in Maces & Flails
   953 | D:4      | Reached skill level 1 in Polearms
   953 | D:4      | Reached skill level 1 in Ranged Weapons
   953 | D:4      | Reached skill level 1 in Throwing
   953 | D:4      | Reached skill level 1 in Armour
   953 | D:4      | Reached skill level 1 in Shields
   953 | D:4      | Reached skill level 1 in Unarmed Combat
   953 | D:4      | Reached skill level 1 in Evocations
   953 | D:4      | Reached XP level 4. HP: 34/34 MP: 8/8
   961 | D:4      | Noticed Eustachio
   980 | D:4      | Gained mutation: You are agile. (Dex +4, Str/Int -1)
                  | [potion of mutation]
   981 | D:4      | Found a shadowy altar of Dithmenos.
   981 | D:4      | HP: 1/34 [quasit[Eustachio] (1)]
   981 | D:4      | Slain by a hound

Illustrated notes

Levels and vault maps discovered:
D:1:      dpeg_arrival_round_a, layout_basic, ebering_ecumenical_altar_rust
D:2:      layout_rooms, basic_altar, minmay_pentomino_pile
D:4:      layout_basic, slow_altar_2, mainiacjoe_overflow_surrounded_room,
          uniq_eustachio, uniq_blork_the_orc

Skill      XL: |  1  2  3 |
---------------+----------+-----
Invocations    | 1 |  1.2
Short Blades   | 1 |  1.1
Long Blades    | 1 |  1.1
Axes           | 1 |  1.1
Maces & Flails | 1 |  1.1
Polearms       | 1 |  1.1
Ranged Weapons | 1 |  1.1
Throwing       | 1 |  1.1
Armour         | 1 |  1.1
Shields        | 1 |  1.1
Unarmed Combat | 1 |  1.1
Spellcasting   | 3 |  3.0
Evocations     | 1 |  1.1
Fighting       | |  2.7
Staves         | |  8.5
Dodging        | |  2.7
Stealth        | |  2.5
Conjurations   | |  0.8
Hexes          | |  0.8
Summonings     | |  0.8
Necromancy     | |  0.8
Translocations | |  0.8
Transmutations | |  0.8
Fire Magic     | |  0.8
Ice Magic      | |  3.8
Air Magic      | |  0.8
Earth Magic    | |  0.8
Poison Magic   | |  0.8

Action                     |  1- 3 |  4- 6 || total
---------------------------+-------+-------++-------
  Melee: Quarterstaff      |    46 |     9 ||    55
         Bite              |     4 |     1 ||     5
    Use: Scroll            |     4 |     1 ||     5
         Potion            |       |     2 ||     2
   Stab: Sleeping          |     6 |       ||     6
 Armour: Robe              |     8 |    31 ||    39
  Dodge: Dodged            |    19 |    28 ||    47
